 Dungeon Crawl Stone Soup version 0.18.1-50-g88ac8fd (webtiles) character file.

3066 go0n the Fighter (level 9, -8/59 HPs)
             Began as a Gargoyle Berserker on Sept 22, 2016.
             Was an Elder of Trog.
             Mangled by a gargoyle
             ... wielding a +0 mace
              (16 damage)
             ... on level 7 of the Dungeon.
             The game lasted 00:25:39 (8161 turns).

go0n the Fighter (Gargoyle Berserker)               Turns: 8161, Time: 00:25:41

Health: -8/59      AC: 10    Str: 22 (24) XL:     9   Next: 88%
Magic:  6/9        EV: 14    Int:  6 (8)  God:    Trog [****..]
Gold:   299        SH:  0    Dex:  8 (9)  Spells: 0 memorised, 8 levels left

rFire  + . .     SeeInvis .     n - +4 dagger "Etot" {elec, +Rage +Inv}
rCold  . . .     Gourm    .     x - +2 leather armour {rF+}
rNeg   + . .     Faith    .     (no shield)
rPois  ∞         Spirit   .     (helmet restricted)
rElec  +         Dismiss  .     (no cloak)
rCorr  .         Reflect  .     (no gloves)
SustAt .         Harm     .     (no boots)
MR     .....                    (no amulet)
Stlth  +.........               (no ring)
                                (no ring)

@: not resistant to hostile enchantments, very unstealthy
A: big wings, horns 1, blink, negative energy resistance 1, electricity
resistance, unbreathing, petrification resistance, rot immunity, MP-powered
wands, AC +5
a: Fly, Blink, Berserk, Trog's Hand, Brothers in Arms, Burn Spellbooks, Renounce
Religion, Evoke Berserk Rage, Evoke Invisibility


You were on level 7 of the Dungeon.
You worshipped Trog.
Trog was greatly pleased with you.
You were hungry.

You visited 1 branch of the dungeon, and saw 7 of its levels.

You collected 299 gold pieces.

Inventory:

Hand Weapons
 a - a +0 hand axe
 b - a +0 war axe
 f - a +0 hand axe
 k - a +0 short sword of electrocution
 m - a +0 hand axe
 n - the +4 dagger "Etot" (weapon) {elec, +Rage +Inv}
   (You found it on level 7 of the Dungeon)

   Occasionally, upon striking a foe, it will discharge some electrical energy
   and cause terrible harm.
   It lets you turn invisible.
   It lets you go berserk.
Missiles
 e - 2 throwing nets
 j - 48 poisoned needles
 r - 6 javelins of returning (quivered)
Armour
 g - the +2 hat of the High Council {Archmagi, Wiz- Stlth-}
   (You found it on level 7 of the Dungeon)

   It makes you less stealthy.
 x - a +2 leather armour of fire resistance (worn)
Wands
 d - a wand of flame (20/48)
 t - a wand of lightning (0/15)
 u - a wand of lightning (11/15)
Scrolls
 i - 4 scrolls of identify
 l - a scroll of enchant weapon {unknown}
 q - a scroll of fog
Potions
 h - a potion of cancellation {unknown}
 p - 2 potions of agility
 s - 3 potions of degeneration
 v - a potion of cure mutation
 w - 2 potions of curing
Comestibles
 c - 4 bread rations
 o - a meat ration


   Skills:
 + Level 8.1 Fighting
 + Level 6.7 Axes
 - Level 2.1 Armour
 * Level 8.1 Dodging


You had 8 spell levels left.
You didn't know any spells.

Dungeon Overview and Level Annotations

Branches:
Dungeon (7/15)
 Temple: D:4-7

Altars:
Dithmenos
Elyvilon
Gozag
Kikubaaqudgha
Makhleb
Nemelex Xobeh
Xom
Yredelemnul
The Shining One

Annotations:
D:6 Prince Ribbit
D:7 exclusion: ice statue


Innate Abilities, Weirdness & Mutations

You are resistant to torment.
Your stone body is resilient (AC +5).
You are immune to poison.
You resist negative energy.
You are resistant to electric shocks.
You can survive without breathing.
You are immune to petrification.
You are immune to rotting.
Your large and strong wings let you fly indefinitely.
You have a pair of small horns on your head.
You can translocate small distances at will.
You expend magic power (3 MP) to strengthen your wands.


Message History

The gargoyle hurls a stone arrow at you.
The stone arrow hits you!
You hit the gargoyle but do no damage.
The gargoyle is moderately damaged.
The gargoyle hurls a stone arrow at you.
The stone arrow hits you!
* * * LOW HITPOINT WARNING * * *
You hit the gargoyle but do no damage.
The gargoyle is moderately damaged.
The gargoyle hits you but does no damage.
That item cannot be evoked!
Evoke which item? (* to show all) (? for menu, Esc to quit)
Zapping:
d - a wand of flame {zapped: 4} (will waste charges)
Press: ? - help, Shift-Dir - straight line, f - gargoyle
Aim: a gargoyle, wielding a mace (moderately damaged)
The puff of flame hits the gargoyle.
The gargoyle is severely damaged.
Evoking this partially-identified wand wasted a few charges.
The gargoyle hits you with a mace!
You die...

#########.# #.#.# #.# #.#.#
#####'#### #.#.### #........#
#.#.... #........# ###.#####
#####........############........
.................................
...######'#.............#.#......
##.##.......#..9@...###.#.#....##
...##.......#.#####(# #.....#..#
#####...........########'''######
............)...########...######
....#########.######§###...##.§§#
....# #.# ###§§§##.⌠.#.§§§§
....####### #.# ##§§§§§#...#§§§§.
..........# #.# ###§§§##...#§§§.§
....#####.###.######§###...##§§§#


You could see a gargoyle.

Vanquished Creatures
  Eustachio (D:6)
  The ghost of wamma the Ducker, an amateur MiGl (D:3)
  Duvessa (D:4)
  A black bear (D:7)
  An orc warrior (D:7)
  A necrophage (D:7)
  3 ogres
  A phantom (D:5)
  The ghost of cedor the Agent of Entropy, an amateur DsAK of Lugonu (D:4)
  3 centaurs
  2 giant frogs
  Dowan (D:4)
  5 scorpions
  3 wights (D:6)
  2 howler monkeys
  A crimson imp (D:5)
  2 giant frog zombies
  A gnoll shaman (D:4)
  A giant frog skeleton (D:7)
  5 hounds
  7 orc wizards
  2 orc priests (D:5)
  An iguana (D:5)
  5 worker ants
  A howler monkey zombie (D:5)
  Robin (D:4)
  A worker ant zombie (D:5)
  11 gnolls
  13 adders
  2 shadow imps
  4 worms
  2 dart slugs (D:1)
  4 giant geckos
  25 orcs
  9 bats
  A giant cockroach (D:2)
  17 goblins
  12 hobgoblins
  6 jackals
  9 kobolds
  4 quokkas
  A giant gecko skeleton (D:7)
  5 giant newts
  11 rats
191 creatures vanquished.

Notes
Turn   | Place    | Note
--------------------------------------------------------------
     0 | D:1      | go0n the Gargoyle Berserker began the quest for the Orb.
     0 | D:1      | Reached XP level 1. HP: 14/14 MP: 1/1
   229 | D:1      | Reached XP level 2. HP: 9/19 MP: 2/2
   601 | D:1      | Reached XP level 3. HP: 24/24 MP: 3/3
   780 | D:1      | Reached ** piety under Trog
  1228 | D:2      | Gained mutation: You have a pair of small horns on your head. [potion of mutation]
  1228 | D:2      | Gained mutation: Your large and strong wings let you fly indefinitely. [potion of mutation]
  1228 | D:2      | Gained mutation: You expend magic power (3 MP) to strengthen your wands. [potion of mutation]
  1369 | D:2      | Found a basalt altar of Yredelemnul.
  1371 | D:2      | Noticed a profane servitor
  1386 | D:2      | Found a glowing golden altar of the Shining One.
  1430 | D:2      | Found a shimmering altar of Xom.
  1436 | D:2      | Reached XP level 4. HP: 29/29 MP: 4/4
  1482 | D:2      | Found an opulent altar of Gozag.
  1484 | D:2      | Found a shadowy altar of Dithmenos.
  1860 | D:2      | Noticed an angel
  1912 | D:3      | Reached XP level 5. HP: 33/33 MP: 5/5
  1953 | D:3      | Noticed wamma's ghost (amateur MiGl)
  1975 | D:3      | Killed wamma's ghost
  1975 | D:3      | Reached XP level 6. HP: 5/39 MP: 6/6
  2335 | D:3      | Found a white marble altar of Elyvilon.
  2483 | D:3      | Reached *** piety under Trog
  3102 | D:4      | Reached skill level 5 in Fighting
  3102 | D:4      | Reached XP level 7. HP: 16/44 MP: 7/7
  3258 | D:4      | Noticed cedor's ghost (amateur DsAK)
  3265 | D:4      | Killed cedor's ghost
  3353 | D:4      | Reached skill level 5 in Dodging
  3372 | D:4      | Found a burning altar of Makhleb.
  3493 | D:4      | Noticed Dowan
  3494 | D:4      | Noticed Duvessa
  3503 | D:4      | Killed Duvessa
  3504 | D:4      | Killed Dowan
  3599 | D:4      | Noticed Robin
  3627 | D:4      | Reached XP level 8. HP: 51/51 MP: 8/8
  3648 | D:4      | Killed Robin
  3659 | D:4      | Reached **** piety under Trog
  4017 | D:5      | Entered Level 5 of the Dungeon
  4031 | D:5      | Reached skill level 5 in Axes
  4437 | D:5      | Received a gift from Trog
  5116 | D:5      | Reached XP level 9. HP: 56/56 MP: 9/9
  5526 | D:6      | Found a glowing golden altar of the Shining One.
  5528 | D:6      | Gained mutation: Your body sometimes deteriorates upon taking damage. [potion of mutation]
  5528 | D:6      | Gained mutation: You are partially covered in rough black scales (AC +4, Dex -1). [potion of mutation]
  5656 | D:6      | Noticed Eustachio
  5701 | D:6      | Killed Eustachio
  5997 | D:6      | Found an ancient bone altar of Kikubaaqudgha.
  6164 | D:6      | Noticed Prince Ribbit
  6647 | D:7      | Found a sparkling altar of Nemelex Xobeh.
  6676 | D:7      | Gained mutation: You can translocate small distances at will. [potion of mutation]
  6676 | D:7      | Gained mutation: Your muscles are strong. (Str +2) [potion of mutation]
  6682 | D:7      | Lost mutation: Your muscles are strong. (Str +2) [potion of cure mutation]
  6682 | D:7      | Lost mutation: You are partially covered in rough black scales (AC +4, Dex -1). [potion of cure mutation]
  6682 | D:7      | Lost mutation: Your body sometimes deteriorates upon taking damage. [potion of cure mutation]
  7528 | D:7      | Noticed an ice statue
  7529 | D:7      | Got a fine dagger
  7532 | D:7      | Identified the +4 dagger "Etot" {elec, +Rage +Inv} (You found it on level 7 of the Dungeon)
  8143 | D:7      | Noticed a gargoyle
  8161 | D:7      | Mangled by a gargoyle

Skill      XL: |  1  2  3  4  5  6  7  8  9 |
---------------+----------------------------+-----
Dodging        | 2 3 4 5 6 8 |  8.1
Axes           | 3 4 5 6 |  6.7
Fighting       | 4 5 6 8 |  8.1
Armour         | |  2.1

Action                   |  1- 3 |  4- 6 |  7- 9 || total
-------------------------+-------+-------+-------++-------
Melee: Hand axe          |    50 |       |   116 ||   166
       Short sword       |    74 |   186 |   283 ||   543
       Headbutt          |       |    25 |    80 ||   105
       Dagger            |       |       |    54 ||    54
       War axe           |       |       |    43 ||    43
Throw: Javelin           |       |       |     3 ||     3
Invok: Trog's Hand       |       |       |     1 ||     1
Evoke: Wand              |       |       |     5 ||     5
  Use: Scroll            |     3 |       |     7 ||    10
       Potion            |     1 |       |    13 ||    14
 Stab: Fleeing           |       |       |     1 ||     1
  Eat: Chunk             |     2 |       |     5 ||     7
       Meat ration       |       |     1 |     1 ||     2
       Fruit             |       |       |     3 ||     3
       Bread ration      |       |       |     1 ||     1
       Beef jerky        |       |       |     1 ||     1
Armor: Leather armour    |    47 |    27 |   119 ||   193
       Animal skin       |     1 |       |       ||     1
       Chain mail        |       |    64 |   160 ||   224
       Skin              |       |       |    27 ||    27
Dodge: Dodged            |    83 |   107 |   388 ||   578
